Map: Lost and Found LE

Players

Bobson - Winner!

  • Race: Terran Terran
  • League: Diamond
  • Spawn Location: 1:00

INject

  • Race: Terran Terran
  • League: Platinum
  • Spawn Location: 7:00

VOD

Have the link to the VOD?

Description

Time

  • Played on: Oct. 5, 2018, 12:18 p.m.
  • Length: 13:02
Show
View Real Time Build Order
Export as new Build Order

Bobson Terran - Winner!

Build Orders: Cyclone Opening, Bio Tank 

Get SALT Encoding   

  12  0:00  SCV  
  13  0:13  SCV  
  14  0:20  Supply Depot  
  14  0:25  SCV  
  15  0:29  Refinery  
  15  0:41  SCV  
  16  0:47  Barracks  
  16  0:54  SCV  
  17  0:58  Refinery  
  17  1:06  SCV  
  18  1:18  SCV  
  19  1:34  Orbital Command  
  19  1:35  Reaper  
  19  1:39  Factory  
  20  1:52  Supply Depot  
  20  2:03  SCV  
  20  2:07  Reaper  
  21  2:16  SCV  
  22  2:23  Cyclone  
  22  2:25  Supply Depot  
  22  2:28  SCV  
  26  2:43  SCV  
  27  2:55  Cyclone, SCV  
  30  3:07  SCV  
  31  3:19  SCV  
  32  3:25  Barracks Reactor  
  32  3:27  Command Center  
  32  3:43  Factory Tech Lab  
  32  3:45  SCV  
  33  3:48  Starport  
  33  3:49  Supply Depot  
  33  3:57  SCV  
  34  4:09  SCV  
  32  4:18  Marine, Siege Tank  
  36  4:29  Starport Tech Lab  
  36  4:31  Refinery  
  36  4:32  SCV  
  36  4:34  Marine, Supply Depot  
  36  4:37  Marine  
  39  4:41  Orbital Command  
  39  4:44  SCV  
  40  4:48  Refinery  
  40  4:50  Siege Tank  
  40  4:52  Marine  
  44  4:55  Marine  
  45  5:05  Raven  
  47  5:07  Supply Depot, SCV x2  
  47  5:12  Marine x2  
  49  5:22  SCV x2  
  49  5:23  Siege Tank  
  54  5:30  Marine x2  
  54  5:31  Supply Depot  
  54  5:34  SCV  
  54  5:35  SCV  
  58  5:46  SCV  
  58  5:47  SCV  
  58  5:48  Raven  
  62  5:50  Marine x2  
  64  5:58  Siege Tank  
  64  5:59  SCV x2  
  69  6:06  Command Center  
  69  6:07  Supply Depot  
  69  6:17  SCV x2  
  70  6:39  Barracks, Supply Depot  
  70  6:40  Engineering Bay  
  70  6:41  Barracks  
  70  6:42  Engineering Bay  
  69  6:47  Siege Tank  
  69  6:48  Viking x2  
  69  6:49  Marine  
  69  6:52  Stimpack  
  77  6:54  SCV x2  
  77  6:56  Supply Depot  
  79  7:07  Marine, Supply Depot, Missile Turret  
  79  7:08  SCV x2  
  70  7:39  Marine  
  70  7:40  Siege Tank, Viking  
  70  7:41  Viking  
  78  7:49  Orbital Command  
  75  7:57  Marine  
  72  8:13  Viking x2  
  72  8:14  Siege Tank  
  74  8:30  Marine  
  68  8:42  Orbital Command  
  68  8:47  Siege Tank  
  68  8:48  Marine  
  73  8:49  Barracks Reactor  
  73  8:50  Barracks Reactor  
  73  8:51  Barracks  
  69  8:56  Combat Shields  
  69  9:00  SCV x2  
  71  9:12  SCV  
  71  9:14  Terran Infantry Weapons Level 1  
  71  9:15  Marine, Supply Depot  
  73  9:20  Medivac  
  73  9:23  SCV x2  
  77  9:24  SCV  
  78  9:34  Marine x5  
  78  9:35  Siege Tank  
  78  9:37  Refinery  
  86  9:39  Terran Infantry Armor Level 1  
  86  9:41  SCV x2  
  86  9:42  SCV  
  86  9:43  Refinery  
  89  9:48  Barracks Reactor  
  89  9:51  Missile Turret  
  89  9:52  Marine  
  90  9:55  Missile Turret  
  90  9:56  Marine x4  
  90  9:57  Medivac  
  96  10:10  Marine, Siege Tank  
  96  10:13  Marine  
  96  10:14  Marine x2  
  102  10:21  Viking  
  104  10:24  Marine x2  
  104  10:27  Marine  
  106  10:31  Marine  
  106  10:32  Factory  
  105  10:36  Barracks Reactor  
  101  10:44  SCV x3  
  104  10:52  Marine x6  
  104  10:53  Siege Tank, Medivac x2, Missile Turret  
  117  11:09  Marine  
  118  11:22  Missile Turret  
  118  11:24  Marine, Missile Turret  
  118  11:25  Marine x6  
  124  11:26  Siege Tank  
  124  11:27  Siege Tank  
  124  11:28  SCV x3  
  123  11:58  Marine x5  
  123  12:00  Marine x3  
  123  12:01  Siege Tank x2, Medivac  
  137  12:02  Medivac  
  141  12:20  Supply Depot x2  
  141  12:21  Supply Depot  
  141  12:23  Marine x7  
  141  12:24  SCV  
  141  12:29  Armory  
  149  12:35  Marine, SCV x2  
  149  12:36  SCV  
Show
View Real Time Build Order
Export as new Build Order

INject Terran 

Build Orders: MMM Bio 

Get SALT Encoding   

  12  0:00  SCV  
  13  0:12  SCV  
  14  0:17  Supply Depot  
  14  0:24  SCV  
  14  0:28  Refinery  
  15  0:38  SCV  
  16  0:45  Barracks  
  16  0:50  SCV  
  17  1:02  SCV  
  18  1:14  SCV  
  19  1:26  SCV  
  19  1:32  Reaper  
  21  1:39  Orbital Command  
  21  1:52  Command Center  
  21  2:12  SCV  
  21  2:15  Factory  
  21  2:22  Refinery, Barracks Reactor  
  21  2:25  Supply Depot  
  21  2:31  Bunker  
  21  2:38  SCV  
  22  2:50  SCV  
  23  3:00  Marine x2  
  23  3:02  Factory Tech Lab, SCV  
  24  3:18  Marine x2  
  26  3:26  Siege Tank  
  28  3:28  Orbital Command  
  28  3:36  Marine  
  29  3:53  SCV  
  30  4:02  SCV  
  31  4:05  SCV  
  29  4:14  SCV  
  31  4:17  SCV  
  31  4:26  SCV  
  31  4:29  SCV  
  33  4:31  Siege Tank  
  33  4:32  Marine x2  
  33  4:38  SCV  
  39  4:40  Starport  
  39  4:41  SCV  
  40  4:50  SCV  
  41  4:52  Engineering Bay  
  41  4:53  SCV  
  41  4:59  Marine x2  
  43  5:03  SCV  
  44  5:09  SCV  
  44  5:12  Refinery  
  44  5:13  Supply Depot  
  45  5:18  Barracks  
  45  5:26  SCV  
  46  5:30  Liberator  
  46  5:34  Marine x2  
  48  5:36  Supply Depot, SCV  
  48  5:38  SCV  
  48  5:42  Command Center  
  50  5:49  SCV  
  54  5:54  Missile Turret  
  54  5:57  Marine x2  
  54  6:00  Supply Depot, Missile Turret  
  56  6:06  Terran Infantry Weapons Level 1  
  56  6:10  Engineering Bay  
  56  6:15  Marine x2  
  56  6:17  SCV  
  56  6:18  SCV  
  60  6:19  Refinery  
  59  6:30  SCV x2  
  59  6:32  Starport Reactor  
  61  6:33  Factory Tech Lab  
  61  6:35  Stimpack  
  61  6:40  Marine x2  
  61  6:42  SCV x2  
  65  6:48  Marine  
  65  6:52  Terran Infantry Armor Level 1  
  65  6:54  SCV x2  
  68  6:56  Orbital Command  
  68  7:06  SCV x2  
  70  7:12  Liberator  
  70  7:13  Liberator  
  69  7:17  Missile Turret  
  69  7:18  SCV x2  
  54  7:30  SCV  
  54  7:32  Marine x2, SCV  
  52  7:37  Marine  
  52  7:39  Missile Turret  
  52  7:42  SCV  
  53  7:50  Marine  
  54  7:53  Orbital Command  
  54  7:55  Marine  
  54  7:58  Marine  
  53  8:01  SCV  
  53  8:05  Siege Tank  
  58  8:08  Marine  
  58  8:10  Supply Depot  
  56  8:12  Marine  
  56  8:16  Marine  
  58  8:26  Orbital Command, Marine  
  56  8:30  Marine  
  56  8:34  Marine, SCV x2  
  54  8:37  Medivac  
  54  8:38  Medivac  
  58  8:43  Marine  
  58  8:46  SCV x2  
  56  8:48  Marine  
  56  8:51  Marine  
  58  8:56  SCV  
  58  8:58  SCV x2  
  58  9:01  Marine  
  62  9:04  Siege Tank  
  62  9:06  Marine  
  62  9:08  SCV  
  62  9:09  Marine  
  68  9:10  SCV x2  
  68  9:12  Refinery  
  70  9:19  Refinery, Marine  
  70  9:20  SCV  
  70  9:21  Refinery  
  70  9:22  SCV x2  
  70  9:24  Marine  
  74  9:27  Marine  
  76  9:32  SCV  
  76  9:34  Refinery  
  77  9:44  Supply Depot  
  77  9:47  Armory, Supply Depot  
  77  9:48  Command Center  
  77  9:52  Combat Shields, Supply Depot x2  
  77  9:53  Marine x3  
  77  9:55  Supply Depot  
  80  10:02  Barracks  
  80  10:03  Barracks  
  72  10:11  Marine x3  
  74  10:14  SCV x2  
  74  10:24  Command Center  
  74  10:26  SCV  
  75  10:29  Marine x3  
  78  10:37  SCV  
  78  10:38  SCV  
  71  10:47  Marine x3  
  71  10:49  SCV  
  75  10:50  Barracks, SCV  
  75  10:52  Missile Turret  
  75  10:55  Missile Turret  
  76  10:57  Starport  
  76  11:04  Marine x3  
  76  11:06  Missile Turret  
  79  11:14  Orbital Command  
  79  11:15  Missile Turret  
  79  11:17  Siege Tank  
  82  11:22  Marine x3  
  85  11:27  Sensor Tower  
  81  11:41  Liberator  
  81  11:43  Marine  
  81  11:44  Marine x3  
  76  11:51  Orbital Command  
  76  11:53  SCV x3  
  54  12:05  SCV x2  
  57  12:11  Planetary Fortress  
  56  12:18  Marine  
  56  12:19  Marine  
  56  12:20  Barracks Reactor  
  56  12:22  Barracks Reactor  
  58  12:23  Starport Tech Lab  
Tags
 
Add a new tag
Caveats
  • Supply blocks, unpowered buildings, or Contaminate may cause inaccurate times.
  • Supply counts are checked every 10 seconds.